 Dungeon Crawl Stone Soup version 0.23-a0-419-g0174fd8 (webtiles) character file.

592 RoseArtemis the Conjurer (level 7, -3/57 HPs)
             Began as a Yellow Draconian Conjurer on Nov 11, 2018.
             Slain by a hippogriff (4 damage)
             ... on level 4 of the Dungeon.
             The game lasted 00:12:50 (5705 turns).

RoseArtemis the Conjurer (DrCj)                     Turns: 5705, Time: 00:12:51

Health: -3/57      AC:  7    Str: 10    XL:     7   Next: 16%
Magic:  2/12       EV: 12    Int: 17    God:
Gold:   277        SH:  0    Dex: 12    Spells: 5/12 levels left

rFire    . . .     SeeInvis .   a - +1 dagger (freeze)
rCold    . . .     Gourm    .   (no shield)
rNeg     . . .     Faith    .   (armour unavailable)
rPois    .         Spirit   .   (helmet restricted)
rElec    .         Reflect  .   (no cloak)
rCorr    +         Harm     .   (no gloves)
MR       .....                  p - +0 pair of boots
Stlth    ++........             d - amulet of magic regeneration
HPRegen  0.19/turn              (no ring)
MPRegen  0.38/turn              (no ring)

@: very slightly contaminated
A: spit acid, acid resistance, unfitting armour, cold-blooded, AC +6
a: Breathe Acid


You were on level 4 of the Dungeon.
You were near starving.

You visited 1 branch of the dungeon, and saw 4 of its levels.

You collected 277 gold pieces.

Inventory:

Hand Weapons
 a - a +1 dagger of freezing (weapon)
Missiles
 l - 12 javelins (quivered)
Armour
 p - a +0 pair of boots (worn)
Jewellery
 d - an amulet of magic regeneration (around neck)
Scrolls
 f - 2 scrolls of enchant weapon
 g - a scroll of enchant armour {unknown}
 i - a scroll of teleportation {unknown}
 j - a scroll of fear {unknown}
 k - a scroll of magic mapping {unknown}
 n - a scroll of amnesia {unknown}
 q - a scroll of remove curse {unknown}
 r - a scroll of identify
 t - 2 scrolls of blinking {unknown}
 u - a scroll of immolation {unknown}
Potions
 c - 2 potions of heal wounds
 e - a potion of brilliance {unknown}
 h - 2 potions of curing
 m - a potion of flight {unknown}
 o - a potion of berserk rage {unknown}
 s - a potion of mutation {unknown}
 v - a potion of invisibility {unknown}
Comestibles
 b - 6 rations


   Skills:
 + Level 3.3 Fighting
 + Level 1.9 Throwing
 - Level 2.5 Dodging
 - Level 1.7 Stealth
 + Level 3.4 Spellcasting
 - Level 6.1 Conjurations
 - Level 2.0 Hexes


You had 5 spell levels left.
You knew the following spells:

 Your Spells              Type           Power        Failure   Level  Hunger
a - Magic Dart            Conj           ###.         1%          1    None
b - Dazzling Spray        Conj/Hex       ###...       10%         3    ###....
c - Regeneration          Chrm/Necr      #.........   45%         3    ###....

Your spell library contained the following spells:

 Spells                   Type           Power        Failure   Level  Hunger
 Searing Ray              Conj           ###...       1%          2    ##.....
 Iskenderun's Mystic Bla  Conj           ###.....     14%         4    ####...
 Animate Skeleton         Necr           N/A          17%         1    None
 Pain                     Necr           #...         17%         1    None
 Fulminant Prism          Conj/Hex       ###.......   30%         4    ####...
 Force Lance              Conj/Tloc      ##......     43%         4    ####...
 Vampiric Draining        Necr           #.........   45%         3    ###....
 Animate Dead             Necr           N/A          86%         4    ####...


Dungeon Overview and Level Annotations

Branches:
Dungeon (4/15)
 Temple: D:4-7

Altars:
Dithmenos
Ru


Innate Abilities, Weirdness & Mutations

You can spit globs of acid.
You are resistant to acid.
Your golden yellow scales are hard. (AC +6)
You cannot fit into any form of body armour.
You are cold-blooded and may be slowed by cold attacks.


Message History

* * * LOW HITPOINT WARNING * * *
The hippogriff bites you.
* * * LOW HITPOINT WARNING * * *
The hippogriff pecks you.
* * * LOW HITPOINT WARNING * * *
The hippogriff claws you.
* * * LOW HITPOINT WARNING * * *
Aim: a hippogriff (almost dead)
The spray of energy hits the hippogriff.
The hippogriff is dazzled.
The hippogriff closely misses you.
The hippogriff pecks you but does no damage.
The hippogriff claws you.
* * * LOW HITPOINT WARNING * * *
You barely miss the hippogriff. The hippogriff barely misses you.
The hippogriff pecks you.
* * * LOW HITPOINT WARNING * * *
The hippogriff claws you but does no damage.
You hit the hippogriff but do no damage.
The hippogriff bites you.
You die...

.# #..........#.........#..## .#
#..........#.........#..## .#
#..........#.........#.... .#
##.........#.........'....
#########.........#.........#..ZH
........#...##....#....######....
........#...##....#....# #..##
####....#....#..H.#..Z.# #..#.
..##...##....#..@.#....# #..'.
..####'##....#....#....# #..#.
........#....#....#....# #..#.
........#...##.....>...# #..#.
#..#...##...############ ##..#.
.########.........# #...## .#
#..........# #..... .#
#..........## #..... .#
#....##.....# ##....


You could see a hippogriff (blind).

Vanquished Creatures
  Menkaure (D:4)
  An ogre (D:4)
  A scorpion (D:4)
  2 howler monkeys (D:4)
  Jessica (D:3)
  An iguana (D:4)
  3 worker ants (D:4)
  A worker ant zombie (D:4)
  3 gnolls
  3 adders
  An adder zombie (D:4)
  2 worms
  3 dart slugs
  4 leopard geckos
  An orc (D:3)
  6 bats
  4 giant cockroaches
  3 goblins (D:1)
  10 hobgoblins
  2 jackals (D:4)
  A quokka (D:3)
  3 frilled lizards
  A quokka skeleton (D:4)
  5 rats
63 creatures vanquished.

Notes
Turn   | Place    | Note
-------+----------+-------------------------------------------
     0 | D:1      | RoseArtemis the Draconian Conjurer began the quest for the
                  | Orb.
     0 | D:1      | Reached XP level 1. HP: 14/14 MP: 3/3
   302 | D:1      | Reached XP level 2. HP: 22/22 MP: 1/5
   703 | D:1      | Reached skill level 1 in Fighting
  1057 | D:1      | Reached XP level 3. HP: 21/28 MP: 0/6
  1062 | D:1      | Learned a level 3 spell: Dazzling Spray
  1952 | D:2      | Reached XP level 4. HP: 30/35 MP: 3/7
  2740 | D:3      | Noticed Jessica
  2746 | D:3      | Killed Jessica
  3104 | D:3      | Found a sacrificial altar of Ru.
  3249 | D:3      | Reached skill level 1 in Hexes
  3386 | D:3      | Reached skill level 5 in Conjurations
  3931 | D:4      | Reached XP level 5. HP: 40/41 MP: 1/9
  4023 | D:4      | Noticed an ogre
  4038 | D:4      | Killed an ogre
  4038 | D:4      | Reached skill level 1 in Throwing
  4038 | D:4      | Reached XP level 6. HP: 6/50 MP: 3/10
  4419 | D:4      | Noticed a hippogriff
  4431 | D:4      | HP: 1/50 [hippogriff (2)]
  4856 | D:4      | Learned a level 3 spell: Regeneration
  5101 | D:4      | Found a shadowy altar of Dithmenos.
  5249 | D:4      | Noticed Menkaure
  5269 | D:4      | Killed Menkaure
  5269 | D:4      | Reached skill level 6 in Conjurations
  5269 | D:4      | Your scales start taking on a golden yellow colour.
  5269 | D:4      | Reached XP level 7. HP: 5/57 MP: 0/12
  5704 | D:4      | HP: 1/57 [hippogriff (5)]
  5705 | D:4      | Slain by a hippogriff

Vault maps used:
D:1:      dpeg_arrival_arbitrary_a
D:2:      first_ration
D:3:      mrwooster_statue_mirror, nicolae_ru_sacrificial_ziggurat, uniq_jessica
D:4:      grunt_dithmenos_smoke_and_mirrors, uniq_menkaure

Skill      XL: |  1  2  3  4  5  6 |
---------------+-------------------+-----
Dodging        | 2 |  2.5
Fighting       | 1 2 3 |  3.3
Hexes          | 1 2 |  2.0
Conjurations   | 5 6 |  6.1
Throwing       | 1 |  1.9
Spellcasting   | 3 |  3.4
Stealth        | |  1.7

Action                   |  1- 3 |  4- 6 |  7- 9 || total
-------------------------+-------+-------+-------++-------
Melee: Unarmed           |     9 |       |       ||     9
       Tailslap          |     6 |     3 |     1 ||    10
       Dagger            |    20 |    61 |     8 ||    89
Throw: Javelin           |     5 |     2 |       ||     7
 Cast: Magic Dart        |    68 |   103 |    13 ||   184
       Dazzling Spray    |     3 |    16 |     6 ||    25
  Use: Scroll            |       |     5 |       ||     5
 Stab: Invisible         |     3 |     1 |       ||     4
       Sleeping          |       |     2 |       ||     2
  Eat: Chunk             |     4 |     6 |       ||    10
       Ration            |       |     2 |       ||     2
Armor: Skin              |    10 |    19 |     9 ||    38
Dodge: Dodged            |    21 |    58 |    27 ||   106

Table legend:
 A = Non-vault XP
 B = Vault XP
 C = Vault XP percentage of total XP
 D = Non-vault monster count
 E = Vault monster count
 F = Vault count percentage of total count
                 A         B        C        D         E       F
            +---------+---------+-------+---------+---------+-------
      Total |     635 |     212 |  25.0 |      61 |       2 |   3.2
            +---------+---------+-------+---------+---------+-------
        D:1 |      58 |       0 |   0.0 |      24 |       0 |   0.0
        D:2 |      52 |       0 |   0.0 |      12 |       0 |   0.0
        D:3 |      48 |      37 |  43.5 |      10 |       1 |   9.1
        D:4 |     477 |     175 |  26.8 |      15 |       1 |   6.2
            +---------+---------+-------+---------+---------+-------
